 Dungeon Crawl Stone Soup version 0.31.0-11-ge490571c62 (webtiles) character file.

Game seed: 15524308124056461013

222868 EonDragon20 the Spry (level 18, -13/147 HPs)
             Began as a Merfolk Ice Elementalist on Feb 4, 2024.
             Was the Champion of Vehumet.
             Killed from afar by a frost giant (58 damage)
             ... with a bolt of cold
             ... on level 15 of the Dungeon.
             The game lasted 02:52:47 (44420 turns).

EonDragon20 the Spry (Merfolk Ice Elementalist)    Turns: 44420, Time: 02:52:47

Health: -13/147    AC: 10    Str:  8    XL:     18   Next: 76%
Magic:  27/28      EV: 26    Int: 20    God:    Vehumet [******]
Gold:   3016       SH: 21    Dex: 17    Spells: 4/31 levels left

rFire   . . .        G - +6 trident (drain)
rCold   . . .        T - +4 kite shield {rPois}
rNeg    . . .        a - +0 robe
rPois   +            O - +2 hat
rElec   .            k - +0 cloak
rCorr   .            r - +1 pair of gloves
SInv    +            g - +2 pair of boots {Stlth+}
Will    +....        i - amulet of reflection
Stlth   +++++++      E - ring of see invisible
HPRegen 0.44/turn    u - +5 ring of evasion
MPRegen 0.21/turn

%: reflection
@: no status effects
A: (nimble swimmer 2), mertail
}: 2/15 runes: decaying, serpentine
a: Renounce Religion


You were on level 15 of the Dungeon.
You worshipped Vehumet.
Vehumet was exalted by your worship.
You visited 6 branches of the dungeon, and saw 31 of its levels.

You collected 3544 gold pieces.
You spent 528 gold pieces at shops.

Inventory:

Hand Weapons
 t - a +3 rapier of speed
 G - a +6 trident of draining (weapon)
Missiles
 s - 2 throwing nets
Armour
 a - a +0 robe (worn)
 g - a +2 pair of boots of stealth (worn)
 k - a +0 cloak (worn)
 r - a +1 pair of gloves (worn)
 O - a +2 hat (worn)
 T - a +4 kite shield of poison resistance (worn)
Jewellery
 c - a +6 ring of intelligence
 i - an amulet of reflection (around neck)
 u - a +5 ring of evasion (right hand)
 v - a ring of protection from cold
 y - a ring of positive energy
 B - a ring of magical power
 D - a ring of magical power
 E - a ring of see invisible (left hand)
 F - a +5 ring of evasion
Wands
 l - a wand of roots (18)
 n - a wand of paralysis (22)
 w - a wand of digging (10)
 J - a wand of mindburst (43)
 N - a wand of flame (58)
 U - a wand of polymorph (10)
 X - a wand of acid (18)
Scrolls
 e - 9 scrolls of identify
 m - 8 scrolls of fear
 o - 6 scrolls of teleportation
 x - a scroll of blinking
 A - 2 scrolls of vulnerability
 C - a scroll of silence
 I - 3 scrolls of amnesia
 M - 4 scrolls of fog
 Q - 2 scrolls of revelation
 S - 7 scrolls of immolation
 V - 2 scrolls of poison
 Y - a scroll of summoning
Potions
 b - 2 potions of magic
 d - 11 potions of curing
 f - 2 potions of haste
 h - 4 potions of cancellation
 j - a potion of heal wounds
 p - 4 potions of invisibility
 q - 7 potions of brilliance
 z - a potion of lignification
 K - 3 potions of might
 L - 2 potions of resistance
 W - 3 potions of mutation
Miscellaneous
 R - a condenser vane


   Skills:
 * Level 14.3 Fighting
 - Level 14.3 Polearms
 * Level 17.0 Dodging
 * Level 13.6 Stealth
 * Level 11.4 Shields
 * Level 7.0 Spellcasting
 - Level 4.8 Conjurations
 * Level 5.5 Translocations
 - Level 14.5 Ice Magic
 * Level 7.8 Air Magic
 - Level 7.6 Earth Magic


You had 4 spell levels left.
You knew the following spells:

 Your Spells              Type           Power      Damage    Failure   Level
a - Freeze                Ice            100%       1d10      1%          1
b - Frozen Ramparts       Ice            100%       1d16      1%          3
c - Ozocubu's Armour      Ice            60%        N/A       1%          3
d - Summon Ice Beast      Ice/Summ       36%        N/A       4%          3
e - Lee's Rapid Deconstr  Erth           18%        3d11*     10%         5
f - Freezing Cloud        Conj/Ice/Air   21%        6-21      5%          5
g - Stone Arrow           Conj/Erth      62%        3d10      1%          3
h - Vhi's Electric Charg  Tloc/Air       66%        N/A       19%         4

Your spell library contained the following spells:

 Spells                   Type           Power      Damage    Failure   Level
 Ignition                 Fire           3%         3d4       100%        8
 Polar Vortex             Ice            30%        12d4*     100%        9
 Apportation              Tloc           58%        N/A       3%          1
 Kiss of Death            Conj/Necr      64%        2d10      3%          1
 Mephitic Cloud           Conj/Alch/Air  23%        N/A       4%          3
 Dazzling Flash           Conj/Hex       32%        N/A       9%          3
 Inner Flame              Hex/Fire       7%         N/A       22%         3
 Flame Wave               Conj/Fire      16%        2d7       26%         4
 Fulminant Prism          Conj/Alch      8%         3d6       26%         4
 Jinxbite                 Hex            14%        N/A       41%         2
 Animate Armour           Summ/Erth      44%        N/A       52%         4
 Leda's Liquefaction      Alch/Erth      11%        N/A       52%         4
 Summon Lightning Spire   Summ/Air       22%        N/A       52%         4
 Olgreb's Toxic Radiance  Alch           7%         N/A       54%         4
 Sticky Flame             Fire/Alch      7%         2d4       54%         4
 Call Canine Familiar     Summ           7%         N/A       65%         3
 Confusing Touch          Hex            7%         N/A       65%         3
 Sigil of Binding         Hex            7%         N/A       65%         3
 Dimensional Bullseye     Hex/Tloc       9%         N/A       67%         4
 Animate Dead             Necr           7%         N/A       96%         4
 Dispel Undead            Necr           7%         3d8       96%         4
 Arcjolt                  Conj/Air       16%        1d26      16%         5
 Bombard                  Conj/Erth      15%        9d3       63%         6
 Borgnjor's Vile Clutch   Necr/Erth      11%        N/A       86%         5
 Silence                  Hex/Air        11%        N/A       86%         5
 Alistair's Intoxication  Alch           4%         N/A       100%        5
 Curse of Agony           Necr           7%         N/A       100%        5
 Death Channel            Necr           3%         N/A       100%        6
 Lehudib's Crystal Spear  Conj/Erth      15%        10d5      100%        8
 Maxwell's Capacitive Co  Air            19%        ∞         100%        8
 Chain Lightning          Conj/Air       16%        3d21      100%        9
 Fire Storm               Conj/Fire      8%         8d2       100%        9
 Shatter                  Erth           18%        3d17*     100%        9


Dungeon Overview and Level Annotations

Branches:
Dungeon (15/15)            Temple (1/1) D:4            Lair (5/5) D:11
  Swamp (4/4) Lair:3        Snake (4/4) Lair:3        Slime (0/5) Lair:4
    Orc (2/2) D:11            Elf (0/3) Orc:2        Vaults (0/5) D:14
 Depths (0/4) D:15

Altars:
Ashenzari
Cheibriados
Dithmenos
Elyvilon
Gozag
Hepliaklqana
Kikubaaqudgha
Makhleb
Nemelex Xobeh
Okawaru
Ru
Sif Muna
Trog
Vehumet
Wu Jian
Xom
Yredelemnul
Zin
The Shining One
Jiyva

Shops:
D:3 [   D:4 :   D:6 *[!   Orc:2 (:**   Snake:1 **

Annotations:
D:10 1 runed translucent door, Vadun's ghost, journeyman VSBe
D:12 1 runed translucent door
D:13 2 runed translucent doors
Lair:1 exclusion: ice statue
Lair:4 exclusion: 2 oklob plants
Snake:4 1 runed translucent door, middlethird's ghost, journeyman VSCj
Orc:2 3 runed translucent doors, ggggg's ghost, journeyman MiFi


Innate Abilities, Weirdness & Mutations

((You are very nimble when in or above water. (Stealth+, EV+, Speed+++)))
Your lower body shifts to a powerful aquatic tail in water.


Message History

You block the frost giant's attack.
Aiming: Paralyse
Press: ? - help, Shift-Dir - straight line, f/p - frost giant
Aim: a frost giant, wielding a +2 battleaxe of freezing (heavily wounded, lightly drained, chance to affect: 12%)
The frost giant resists with almost no effort.
The frost giant casts a spell at you. The bolt of cold misses you.
Aiming: Paralyse
Press: ? - help, Shift-Dir - straight line, f/p - frost giant
Aim: a frost giant, wielding a +2 battleaxe of freezing (heavily wounded, lightly drained, chance to affect: 12%)
The frost giant resists with almost no effort.
The frost giant casts a spell at you. The bolt of cold misses you.
Aiming: Paralyse
Press: ? - help, Shift-Dir - straight line, f/p - frost giant
Aim: a frost giant, wielding a +2 battleaxe of freezing (heavily wounded, lightly drained, chance to affect: 12%)
The frost giant resists with almost no effort.
The frost giant gestures at you while chanting.
The bolt of cold misses you.
Blink to where?
Press: ? - help, Dir - move target, p - frost giant Your icy armour cracks and falls away as you move.
As you read the scroll of blinking, it crumbles to dust.
There is an open door here.
There is an open door here.
The frost giant points at you and mumbles some strange words.
The bolt of cold misses you.
There is an open door here.
There is an open door here.
There is an open door here.
There is an open door here.
There is an open door here.
There is an open door here.
There is an open door here.
The frost giant gestures at you while chanting.
The bolt of cold hits you!!
* * * LOW HITPOINT WARNING * * *
The frost giant casts a spell at you. The bolt of cold hits you!!!
You die...

............#..##
##'#####
............#...#
#.......
............#...#
#......#
........<...#...#
#......#
............#...#
#......#
............#..##
##.....#
.......(....#..##
####'###
............#...#
#......#
..........@.#...#
#.......
............#'###
##.....#
............#..##
##.....#
...####.....#...#
#......# ...
#.....'...#
##......# ..
#(....#C###
#...###+#
#.........#
###......
#.........#
#......
#.........#
#......


You could see a frost giant.

Vanquished Creatures
  Vashnia (Snake:4)
  Jorgrun (D:12)
  Kirke (Lair:3)
  Agnes (D:14)
  2 thorn hunters (Swamp:4)
  Aizul (Snake:4)
  2 fenstrider witches
  2 nagarajas (Snake:4)
  An ironbound preserver (D:14)
  A stone giant (D:10)
  5 bunyips
  4 eleionomae
  An entropy weaver (D:14)
  4 shambling mangroves
  Josephine (D:14)
  2 catoblepae
  2 ghost crabs (Swamp:3)
  18 hydras
  2 salamander tyrants (Snake:4)
  7 centaur warriors
  5 anacondas
  9 alligators
  3 boulder beetles
  13 naga warriors
  3 two-headed ogres
  6 death yaks
  A deep troll shaman (Lair:5)
  21 naga sharpshooters
  Urug (D:12)
  7 orc high priests
  A spriggan berserker (Swamp:4)
  7 tengu warriors
  8 shock serpents
  A skyshark (Lair:5)
  10 spriggans
  Lodul (D:10)
  5 salamander mystics (Snake:4)
  A death drake (Swamp:4)
  5 goliath frogs
  6 spriggan druids
  A sea snake (Snake:4)
  8 bog bodies
  3 mana vipers
  7 naga ritualists
  10 orc knights
  7 swamp dragons
  3 deep elf pyromancers
  7 cyclopes
  3 will-o-the-wisps
  9 salamanders
  2 moths of wrath (Swamp:3)
  2 manticores (D:13)
  Maurice (D:11)
  A meliai (shapeshifter) (D:13)
  2 kobold blastminers (Orc:2)
  7 elephants
  5 ugly things
  38 black mambas
  4 guardian serpents
  16 naga magi
  A black mamba (shapeshifter) (D:14)
  12 cane toads
  Jeremiah (D:7)
  2 rime drakes
  14 komodo dragons
  An unseen horror (D:10)
  3 kobold demonologists
  A yaktaur (D:10)
  5 trolls
  13 tyrant leeches
  4 polar bears
  22 hornets
  2 raiju (shapeshifter)
  16 blink frogs
  9 slime creatures
  Sigmund (D:2)
  8 wraiths
  Eustachio (D:5)
  A centaur simulacrum (D:12)
  6 wyverns
  40 yaks
  4 hogs (Lair:3)
  A basilisk (Lair:5)
  A steam dragon (D:7)
  A warg (Orc:2)
  23 vampire mosquitoes
  33 nagas
  18 swamp worms
  2 acid dragons (D:10)
  14 water moccasins
  15 swamp drakes
  35 orc warriors
  Duvessa (D:7)
  An ice beast (D:6)
  A sky beast (D:7)
  3 black bears
  23 wolves
  11 ogres
  6 centaurs
  A phantom (D:4)
  4 kobold brigands
  10 bullfrogs
  2 scorpions
  Dowan (D:7)
  3 killer bees (D:9)
  4 electric eels
  6 howler monkeys
  A lava snake (Snake:2)
  4 bombardier beetles (D:5)
  3 jellies
  6 hounds
  35 orc priests
  Natasha (D:3)
  3 iguanas
  2 sleepcaps
  18 orc wizards
  Ijyb (D:2)
  9 gnolls
  9 adders
  2 river rats (D:6)
  4 ufetubi
  A dart slug (D:2)
  2 ribbon worms (D:6)
  75 orcs
  7 endoplasms
  4 giant cockroaches
  14 goblins
  4 hobgoblins
  7 jackals (D:3)
  4 quokkas
  7 ball pythons
  2 bats (D:1)
  5 frilled lizards
  14 kobolds
  6 rats
946 creatures vanquished.

Vanquished Creatures (collateral kills)
  A wraith (D:10)
  A yak (D:9)
  A centaur (D:5)
  A scorpion (D:6)
  A bombardier beetle (D:4)
  2 white imps (D:5)
7 creatures vanquished.

Vanquished Creatures (others)
  A hydra (Swamp:3)
  A swamp dragon (Swamp:1)
  3 bloated husks
  2 humans (Lair:3)
  A bombardier beetle (D:7)
  12 foxfires
20 creatures vanquished.

Grand Total: 973 creatures vanquished

Notes
Turn   | Place    | Note
-------+----------+-------------------------------------------
     0 | D:1      | EonDragon20 the Merfolk Ice Elementalist began the quest
                  | for the Orb.
     0 | D:1      | Reached XP level 1. HP: 13/13 MP: 3/3
   207 | D:1      | Found a faded altar of an unknown god.
   329 | D:1      | Reached XP level 2. HP: 19/19 MP: 3/5
   418 | D:1      | Reached skill level 5 in Ice Magic
  1007 | D:2      | Reached XP level 3. HP: 24/24 MP: 4/6
  1041 | D:2      | Learned a level 3 spell: Frozen Ramparts
  1056 | D:2      | Noticed Ijyb
  1068 | D:2      | Killed Ijyb
  1264 | D:2      | Reached XP level 4. HP: 25/30 MP: 1/7
  1325 | D:2      | Learned a level 3 spell: Ozocubu's Armour
  2211 | D:3      | Noticed Sigmund
  2218 | D:2      | Killed Sigmund
  2219 | D:2      | Reached skill level 4 in Dodging
  2219 | D:2      | Reached XP level 5. HP: 29/39 MP: 1/8
  2219 | D:2      | Reached XP level 6. HP: 34/46 MP: 1/9
  2589 | D:3      | Found Uhipiski's Armour Shop.
  2631 | D:3      | Noticed Natasha
  2637 | D:3      | Killed Natasha
  2855 | D:3      | You fall into a shaft and drop 1 floor!
  3296 | D:4      | Found Zivobu Ycie's Book Shop.
  3441 | D:4      | Reached skill level 5 in Dodging
  3441 | D:4      | Reached XP level 7. HP: 48/52 MP: 6/10
  3477 | D:4      | Learned a level 3 spell: Summon Ice Beast
  3609 | D:4      | Found a staircase to the Ecumenical Temple.
  3748 | Temple   | Entered the Ecumenical Temple
  3809 | Temple   | Became a worshipper of Vehumet
  5084 | D:3      | Found a sacrificial altar of Ru.
  5545 | D:5      | Entered Level 5 of the Dungeon
  5551 | D:5      | Reached skill level 6 in Dodging
  5551 | D:5      | Reached XP level 8. HP: 60/60 MP: 4/11
  5930 | D:5      | Reached skill level 1 in Shields
  6084 | D:5      | Reached * piety under Vehumet
  6084 | D:5      | Offered knowledge of Magic Dart by Vehumet.
  6596 | D:5      | Reached skill level 5 in Fighting
  6684 | D:5      | Noticed Eustachio
  6690 | D:5      | Killed Eustachio
  6691 | D:5      | Reached skill level 7 in Dodging
  7520 | D:6      | Reached XP level 9. HP: 69/69 MP: 6/12
  7847 | D:6      | Reached skill level 8 in Dodging
  7961 | D:6      | Found Zotefuel's Distillery.
  7969 | D:6      | Bought a potion of haste for 110 gold pieces
  8024 | D:6      | Offered knowledge of Mercury Vapours by Vehumet.
  8210 | D:6      | Reached ** piety under Vehumet
  8252 | D:6      | Found Voul's Armour Shoppe.
  8269 | D:6      | Found Bumasaut's General Store.
  8277 | D:6      | Bought a ring of see invisible for 180 gold pieces
  8870 | D:7      | Noticed Jeremiah
  9159 | D:7      | Killed Jeremiah
  9365 | D:7      | Noticed Dowan
  9368 | D:7      | Noticed Duvessa
  9372 | D:7      | Killed Duvessa
  9373 | D:7      | Reached skill level 9 in Dodging
  9376 | D:7      | Killed Dowan
  9377 | D:7      | Reached skill level 5 in Shields
  9537 | D:7      | Reached XP level 10. HP: 55/79 MP: 8/13
  9929 | D:8      | Reached skill level 1 in Polearms
 10453 | D:8      | Reached skill level 5 in Stealth
 10458 | D:8      | Offered knowledge of Inner Flame by Vehumet.
 10652 | D:9      | Reached *** piety under Vehumet
 10934 | D:9      | Reached skill level 10 in Dodging
 10936 | D:9      | Reached skill level 5 in Polearms
 11334 | D:10     | Entered Level 10 of the Dungeon
 11431 | D:10     | Killed an unseen horror
 11432 | D:10     | Reached skill level 10 in Ice Magic
 11662 | D:10     | Found a runed translucent door.
 11667 | D:10     | Noticed Vadun's ghost (journeyman VSBe)
 11832 | D:10     | Noticed a kobold demonologist
 11843 | D:10     | Killed a kobold demonologist
 11843 | D:10     | Offered knowledge of Iskenderun's Mystic Blast by Vehumet.
 11844 | D:10     | Reached XP level 11. HP: 61/87 MP: 3/14
 12171 | D:10     | Noticed a two-headed ogre
 12178 | D:10     | Killed a two-headed ogre
 12229 | D:10     | Noticed Lodul
 12252 | D:10     | Noticed a stone giant
 12302 | D:10     | Killed a stone giant
 12458 | D:10     | Killed Lodul
 12459 | D:10     | Reached skill level 11 in Dodging
 12962 | D:11     | Noticed a boulder beetle
 13026 | D:11     | Killed a boulder beetle
 13200 | D:11     | Found a staircase to the Orcish Mines.
 13272 | D:11     | Noticed a cyclops
 13276 | D:11     | Found a glowing golden altar of the Shining One.
 13279 | D:11     | Killed a cyclops
 13383 | D:11     | Found a staircase to the Lair.
 13391 | D:11     | Noticed a two-headed ogre
 13398 | D:11     | Killed a two-headed ogre
 13600 | D:11     | Noticed Maurice
 13609 | D:11     | Noticed a two-headed ogre
 13617 | D:11     | Killed a two-headed ogre
 13618 | D:11     | Reached XP level 12. HP: 86/96 MP: 9/15
 13624 | D:11     | Killed Maurice
 13624 | D:11     | Reached **** piety under Vehumet
 13898 | D:11     | Learned a level 5 spell: Lee's Rapid Deconstruction
 13899 | Orc:1    | Entered Level 1 of the Orcish Mines
 13981 | Orc:1    | Offered knowledge of Dazzling Flash by Vehumet.
 13991 | Orc:1    | Noticed an orc high priest
 14006 | Orc:1    | Killed an orc high priest
 14007 | Orc:1    | Reached skill level 10 in Polearms
 14007 | Orc:1    | Reached skill level 1 in Earth Magic
 14301 | Lair:1   | Entered Level 1 of the Lair of Beasts
 14422 | Lair:1   | Identified the +6 scale mail "Capsiaz" {Regen+ Str+2}
 15648 | Lair:2   | Reached ***** piety under Vehumet
 15772 | Lair:2   | Reached skill level 5 in Earth Magic
 15776 | Lair:2   | Offered knowledge of Ignite Poison by Vehumet.
 16220 | Lair:2   | Reached XP level 13. HP: 87/101 MP: 12/16
 16854 | Lair:3   | Found a staircase to the Snake Pit.
 17150 | Lair:3   | Noticed Kirke
 17171 | Lair:3   | Killed Kirke
 17210 | Lair:3   | Found a snail-covered altar of Cheibriados.
 17490 | Lair:3   | Found a staircase to the Swamp.
 18340 | Lair:4   | Got Tialask's Commentary on Hazy Pollution
 18607 | Lair:4   | Found a viscous altar of Jiyva.
 18607 | Lair:4   | Found a staircase to the Slime Pits.
 18740 | Lair:4   | Reached skill level 12 in Dodging
 19066 | Lair:5   | Entered Level 5 of the Lair of Beasts
 19147 | Lair:5   | Reached skill level 10 in Fighting
 19328 | Lair:5   | Offered knowledge of Freezing Cloud by Vehumet.
 19380 | Lair:5   | HP: 2/103 [will-o-the-wisp/foxfire (21)]
 19799 | Lair:4   | Learned a level 5 spell: Freezing Cloud
 19851 | Lair:5   | Reached XP level 14. HP: 108/110 MP: 16/20
 19864 | Lair:5   | Reached skill level 1 in Conjurations
 19864 | Lair:5   | Reached skill level 1 in Air Magic
 21586 | D:12     | Found a runed translucent door.
 21586 | D:12     | Noticed a stone giant
 21587 | D:12     | Identified the +6 orcbow "Deoth" {flame, rC++}
 21877 | D:12     | Noticed Urug
 21956 | D:12     | Killed Urug
 22351 | D:12     | Noticed Jorgrun
 22383 | D:12     | Killed Jorgrun
 23046 | D:13     | Identified the +1 robe "Liukemaf" {^Drain rPois Str+3}
 23462 | D:13     | Offered knowledge of Irradiate by Vehumet.
 23463 | D:13     | Reached XP level 15. HP: 71/117 MP: 7/22
 23986 | D:13     | Reached skill level 5 in Spellcasting
 24409 | D:13     | Found a runed translucent door.
 24409 | D:13     | Found a runed translucent door.
 24755 | D:14     | Noticed Agnes
 24768 | D:14     | Killed Agnes
 24769 | D:14     | Reached skill level 13 in Dodging
 25138 | D:14     | Found a glowing silver altar of Zin.
 25216 | D:14     | Found a gate to the Vaults.
 25241 | D:14     | HP: 5/117 [entropy weaver (13)]
 25605 | D:14     | Noticed Josephine
 25613 | D:14     | Killed Josephine
 26125 | Orc:2    | Entered Level 2 of the Orcish Mines
 26688 | Orc:1    | Offered knowledge of Ozocubu's Refrigeration by Vehumet.
 27069 | Orc:2    | Found a staircase to the Elven Halls.
 27696 | Orc:2    | Found a runed translucent gate.
 27697 | Orc:2    | Found a runed translucent gate.
 27697 | Orc:2    | Noticed ggggg's ghost (journeyman MiFi)
 27704 | Orc:2    | Found a runed translucent gate.
 27997 | Orc:2    | Offered knowledge of Plasma Beam by Vehumet.
 28304 | Orc:2    | Found Atueluec's Weapon Shoppe.
 28306 | Orc:2    | Found Zuavvove's Assorted Antiques.
 28306 | Orc:2    | Found Sofi's Book Shoppe.
 28307 | Orc:2    | Found Zumeomia's Assorted Antiques.
 28840 | Snake:1  | Entered Level 1 of the Snake Pit
 29127 | Snake:1  | Reached XP level 16. HP: 126/126 MP: 25/25
 29298 | Snake:1  | Found Ogoidghawn's General Store.
 29303 | Snake:1  | Found Exziyjojeugg's General Store.
 29305 | Snake:1  | Bought a scroll of summoning for 133 gold pieces
 29305 | Snake:1  | Bought a scroll of enchant armour for 105 gold pieces
 29434 | Snake:1  | Reached skill level 10 in Stealth
 30102 | Snake:2  | Reached skill level 14 in Dodging
 32256 | Snake:3  | Reached skill level 5 in Air Magic
 32923 | Snake:3  | Learned a level 3 spell: Stone Arrow
 32931 | Snake:3  | Learned a level 4 spell: Vhi's Electric Charge
 32973 | Snake:4  | Entered Level 4 of the Snake Pit
 33571 | Snake:4  | Reached skill level 1 in Translocations
 34461 | Snake:4  | Found a runed translucent door.
 34488 | Snake:4  | Noticed middlethird's ghost (journeyman VSCj)
 34699 | Snake:4  | Noticed a nagaraja
 34707 | Snake:4  | Reached skill level 15 in Dodging
 34710 | Snake:4  | Killed a nagaraja
 34867 | Snake:4  | Reached XP level 17. HP: 105/135 MP: 17/27
 34867 | Snake:4  | Reached ****** piety under Vehumet
 35099 | Snake:4  | Offered knowledge of Eringya's Noxious Bog by Vehumet.
 35881 | Snake:4  | Noticed Vashnia
 35895 | Snake:4  | HP: 3/136 [naga sharpshooter/arrow[Vashnia] (15)]
 35960 | Snake:4  | Killed Vashnia
 36408 | Snake:4  | Reached skill level 10 in Shields
 37281 | Snake:4  | Got a serpentine rune of Zot
 37312 | Snake:4  | Identified the serpent talisman of Midnight {rC+}
 37312 | Snake:4  | Noticed Aizul
 37323 | Snake:4  | Killed Aizul
 37695 | Swamp:1  | Entered Level 1 of the Swamp
 38448 | Swamp:1  | Offered knowledge of Conjure Ball Lightning by Vehumet.
 38900 | Swamp:2  | Reached skill level 16 in Dodging
 40151 | Swamp:3  | Reached XP level 18. HP: 59/143 MP: 0/28
 40695 | Swamp:3  | Identified the +9 glaive of the Glimmering Ass {antimagic,
                  | rPois rN+ rCorr Str+2 Dex-3}
 41479 | Swamp:4  | Entered Level 4 of the Swamp
 41584 | Swamp:4  | Offered knowledge of Polar Vortex by Vehumet.
 41584 | Swamp:4  | Offered knowledge of Ignition by Vehumet.
 42049 | Swamp:4  | Reached skill level 5 in Translocations
 42567 | Swamp:4  | Identified the +9 hand axe of Instant Death {antimagic, rF+
                  | rCorr Dex-5 Stlth+}
 43073 | Swamp:4  | Got a decaying rune of Zot
 43633 | D:14     | Reached skill level 17 in Dodging
 43965 | D:15     | Entered Level 15 of the Dungeon
 44334 | D:15     | Found a staircase to the Depths.
 44420 | D:15     | Killed from afar by a frost giant

Illustrated notes

Levels and vault maps discovered:
D:1:      minmay_arrival_widening_spiral_wide, layout_loops_ring,
          basic_ecumenical_altar, serial_bayou_lagoon_a, chequers_mini_garden,
          solitary_fountain, minmay_crystal_room, kennysheep_another_room
D:2:      kennysheep_the_goblin_king, layout_basic
D:3:      layout_basic, nicolae_ru_great_annihilating_truth, serial_shops,
          nicolae_shop_hallway_plus, hangedman_decor_clover_reticule,
          uniq_sigmund, uniq_natasha
D:4:      layout_layer_cave, minmay_temple_entry_proselytizer, serial_shops,
          shop, uniq_ijyb
D:5:      layout_basic, grunt_tough_drop, uniq_eustachio
D:6:      layout_loops_ring, lightli_sewer_entry_pipes, serial_shops, shop,
          nicolae_shop_tiny_glass, shop
D:7:      layout_basic, feat_on_display, uniq_duvessa, uniq_jeremiah
D:8:      layout_loops_cross
D:9:      layout_irregular_city
D:10:     nzn_winding_woodlands_three_and_one
          [nzn_winding_woodlands_5x15_pathside_ponds,
          nzn_winding_woodlands_5x15_pockets,
          nzn_winding_woodlands_5x15_split_checker,
          nzn_winding_woodlands_center_diamonds], layout_basic,
          nicolae_overflow_hidden_temple, ebering_ghost_inner_flame, uniq_lodul
D:11:     layout_roguey, lair_entry_dummy, orc_0_dummy, tso_metal_star,
          uniq_maurice
D:12:     layout_roguey, minmay_st_funbox, uniq_urug, uniq_jorgrun
D:13:     minmay_the_grid_triangle_9x9_recursive_3
          [minmay_the_grid_triangle_9x9_empty,
          minmay_the_grid_triangle_9x9_corruption,
          minmay_the_grid_triangle_9x9_from_above,
          minmay_the_grid_triangle_9x9_prize_insulated,
          minmay_the_grid_triangle_9x9_sprig,
          minmay_the_grid_triangle_9x9_intruding_spiral,
          minmay_the_grid_triangle_9x9_stretched_checkered,
          minmay_the_grid_triangle_9x9_tough_junction,
          minmay_the_grid_triangle_9x9_cache], layout_irregular_city
D:14:     layout_basic, hellmonk_vaults_order_and_chaos, zin_scriptorium,
          uniq_josephine, uniq_agnes
D:15:     grunt_enter_depths_snipers, layout_gridville
Temple:   mainiacjoe_temple_coin_purse
Lair:1:   statuecave_lemuel, layout_gridlike, dreamdust_wasp_nest
Lair:2:   layout_layer_cave, serial_bayou_pond_e
Lair:3:   layout_loops_ring, minmay_swamp_entry_worms, dummy_snake_entry,
          basic_altar, serial_bayou_shore_a, uniq_kirke
Lair:4:   layout_misc_corridors, minmay_slime_entry_oklob_enclosed,
          beast_lair_carwin_2
Lair:5:   grunt_lair_end_beastmaster, layout_loops_ring, pond,
          grunt_megastairs_4
Swamp:1:  layout_falls_marsh, evilmike_swamp_ruin_house_5
Swamp:2:  layout_falls_marsh, serial_swamp_ruin, evilmike_swamp_ruin_house_1,
          evilmike_swamp_ruin_house_3, hangedman_swamp_ruin_wall, swamp_pool_5
Swamp:3:  layout_basic_swamp, evilmike_swamp_ruin_house_6, worms_lemuel,
          infiniplex_staircase_pool_2
Swamp:4:  swamp_basic_johnstein, layout_basic_swamp
Snake:1:  layout_onion_interference, minmay_shoptagon
Snake:2:  layout_basic, serial_curves, eino_curves_03, eino_curves_01
Snake:3:  layout_honeycomb
Snake:4:  snake_pit, layout_onion_interference, ebering_ghost_reflecting_pool,
          grunt_ministairs_12, nicolae_snake_bzzzt, uniq_aizul, uniq_vashnia
Orc:1:    layout_caves
Orc:2:    st_orc_pillars, layout_diamond_mine, gammafunk_ghost_split,
          nicolae_orc_beogh_chapel, mines2_lemuel

Skill      XL: |  1  2  3  4  5  6  7  8  9 10 11 12 13 14 15 16 17 18 |
---------------+-------------------------------------------------------+-----
Ice Magic      | 5 6 7 8 9 10 11 13 14 | 14.5
Fighting       | 2 3 4 5 7 8 9 10 11 12 13 14 | 14.3
Dodging        | 4 5 6 7 9 10 11 12 13 15 16 17 | 17.0
Stealth        | 3 4 6 7 8 9 11 12 13 | 13.6
Shields        | 3 5 6 8 9 10 11 | 11.4
Polearms       | 6 9 13 14 | 14.3
Earth Magic    | 5 7 |  7.6
Spellcasting   | 4 6 7 |  7.0
Conjurations   | 4 |  4.8
Air Magic      | 4 5 6 7 |  7.8
Translocations | 1 4 5 |  5.5

Action                     |  1- 3 |  4- 6 |  7- 9 | 10-12 | 13-15 | 16-18 || total
---------------------------+-------+-------+-------+-------+-------+-------++-------
  Melee: Unarmed           |     2 |    25 |    18 |       |       |       ||    45
         Rapier            |       |       |    15 |       |       |       ||    15
         Trident           |       |       |    10 |   347 |  1047 |  1037 ||  2441
         Tailslap          |       |       |       |     9 |       |    93 ||   102
   Cast: Freeze            |    33 |    24 |    46 |    16 |       |     1 ||   120
         Frozen Ramparts   |     3 |    11 |    58 |    79 |   156 |    58 ||   365
         Ozocubu's Armour  |       |     3 |     8 |    30 |    66 |    71 ||   178
         Summon Ice Beast  |       |       |     6 |     5 |    15 |     2 ||    28
         Lee's Rapid Decon |       |       |       |     1 |     1 |       ||     2
         Freezing Cloud    |       |       |       |       |    44 |   132 ||   176
         Stone Arrow       |       |       |       |       |       |   134 ||   134
  Evoke: Wand              |       |     3 |     8 |       |     6 |     4 ||    21
    Use: Scroll            |     5 |     2 |     8 |     8 |     7 |     9 ||    39
         Potion            |       |       |       |       |    10 |     3 ||    13
   Stab: Sleeping          |       |       |     1 |     3 |     4 |    17 ||    25
         Paralysed         |       |       |     6 |       |       |       ||     6
         Distracted        |       |       |       |     1 |     2 |     2 ||     5
 Armour: Robe              |     9 |    24 |    44 |    88 |   272 |   299 ||   736
  Dodge: Dodged            |    18 |    46 |    88 |   192 |   399 |   464 ||  1207
  Block: Buckler           |       |       |    70 |   222 |   467 |       ||   759
         Reflection        |       |       |     2 |    12 |    24 |    83 ||   121
         Kite shield       |       |       |       |       |    20 |   932 ||   952
